cohdb
Replays
Latest Replays
All Replays
Popular Replays
Top Player Replays
Match Explorer
How It Works
Community
CoH3 Stats
Reddit
Sign in to upload your games and track your stats! →
Sign in with Steam
Match 43217387
Unlisted
Match 43217387
Overview
Messages
Build Orders
End
Kradschützen Motorcycle Team
Panzerpioneer Squad
Selects Italian Infantry
250 Light Carrier
Panzergrenadier Squad
Construct Light Support Kompanie
Fire Support Elements
MG34 Team
2.5-tonne Medical Truck
Panzerpioneer Squad
Panzerjäger Mechanized Group
Selects Guastatori Squad
Flakvierling Half-track
Guastatori Squad
Panzergrenadier Squad
Construct Panzerarmee Kommand
Selects Registered Artillery
Selects Towed Cannone da 105/28 Field Howitzer
Panzer III L Medium Tank
Panzer III L Medium Tank
Guastatori Squad
Selects Sound the Alarm
Selects Prepared Positions
Panzer III L Medium Tank
Tungsten Core Ammunition
Armored Reserves
2.5-tonne Medical Truck
Panzerpioneer Squad
Ol'Smokey
IronDragon
skyhawkfranky
Dahlian
Bish Bash Bosh
Sandman907
0
0
Comments
sign in to comment!
No comments posted yet!